 Dungeon Crawl Stone Soup version 0.29-a0-824-gd827844252 (webtiles) character file.

Game seed: 10590405625924150257

100 coolguy69 the Cutter (level 4, -4/24 HPs)
             Began as a Vine Stalker Monk on July 10, 2022.
             Killed by divine providence
             ... invoked by an orc priest
              (11 damage)
             ... on level 3 of the Dungeon.
             The game lasted 00:01:52 (1888 turns).

coolguy69 the Cutter (Vine Stalker Monk)            Turns: 1888, Time: 00:01:52

Health: -4/24      AC:  4    Str: 16    XL:     4   Next: 73%
Magic:  0/5        EV: 12    Int: 10    God:
Gold:   106        SH:  0    Dex: 16    Spells: 3/3 levels left

rFire   + . .      SeeInvis .   a - +0 short sword
rCold   + . .      Faith    .   (no shield)
rNeg    + . .      Spirit   +   p - +0 leather armour
rPois   +          Reflect  .   e - +0 hat
rElec   .          Harm     .   (no cloak)
rCorr   .          Rampage  .   (no gloves)
Will    .....                   j - +0 pair of boots
Stlth   ++........              (no amulet)
HPRegen 0.88/turn               g - ring "Hynniewe" {+Blink rPois rF+ rN+}
MPRegen 0.09/turn               o - ring of protection from cold

@: no status effects
A: fangs 2, regeneration 1, magic shield, antimagic bite, no potion heal 2
a: Evoke Blink


You were on level 3 of the Dungeon.
You visited 1 branch of the dungeon, and saw 3 of its levels.

You collected 106 gold pieces.

Inventory:

Hand Weapons
 a - a +0 short sword (weapon)
Armour
 e - a +0 hat (worn)
 j - a +0 pair of boots (worn)
 p - a +0 leather armour (worn)
Jewellery
 g - the ring "Hynniewe" (left hand) {+Blink rPois rF+ rN+}
   (You found it on level 2 of the Dungeon)

   [ring of poison resistance]

   rF:        It protects you from fire.
   rPois:     It protects you from poison.
   rN:        It protects you from negative energy.
   +Blink:    It lets you blink.
 o - a ring of protection from cold (right hand)
Wands
 h - a wand of iceblast (8)
Scrolls
 d - 3 scrolls of enchant armour {unknown}
 f - 2 scrolls of teleportation {unknown}
 i - a scroll of torment {unknown}
 l - 2 scrolls of identify {unknown}
 n - a scroll of magic mapping {unknown}
Potions
 c - 2 potions of ambrosia
 k - a potion of might {unknown}
 m - a potion of brilliance {unknown}


   Skills:
 + Level 3.2 Fighting
 + Level 3.5 Short Blades
 + Level 2.9 Dodging
 + Level 3.4 Stealth
 * Level 0.6 Evocations


You had 3 spell levels left.
You didn't know any spells.
Your spell library contained the following spells:

 Spells                   Type           Power      Damage    Failure   Level
 Ensorcelled Hibernation  Hex/Ice        0%         N/A       56%         2
 Passwall                 Tmut/Erth      0%         N/A       56%         2
 Swiftness                Air            0%         N/A       80%         3


Dungeon Overview and Level Annotations

Branches:
Dungeon (3/15)

Altars:

Shops:
D:2 (


Innate Abilities, Weirdness & Mutations

You have extremely sharp teeth.
Your natural rate of healing is unusually fast.
When hurt, damage is shared between your health and your magic reserves.
Your bite disrupts and absorbs the magic of your enemies.
Potions cannot restore your health.


Message History

Key pressed, stopping explore.
No target in view!
Key pressed, stopping explore.
No target in view!
Key pressed, stopping explore.
No target in view!
Key pressed, stopping explore.
No target in view!
No target in view!
A frilled lizard comes into view.
A frilled lizard is nearby!
A frilled lizard is nearby!
The frilled lizard hisses angrily.
The frilled lizard barely misses you.
You hit the frilled lizard.
You kill the frilled lizard!
No target in view!
No target in view!
No target in view!
You see here a frilled lizard corpse.
An orc comes into view. It is wielding a +0 trident.
The orc shouts!
An orc comes into view. It is wielding a +0 club.
There are monsters nearby!
An orc priest comes into view. It is wielding a +0 club.
There are monsters nearby!
There are monsters nearby!
An orc wizard comes into view. It is wielding a +0 dagger.
The orc hits you with a +0 trident.
The orc priest shouts!
You hit the orc.
The orc is heavily wounded.
The orc hits you with a +0 trident.
The orc priest calls down the wrath of Beogh upon you.
Beogh smites you!
* * * LOW HITPOINT WARNING * * *
You hear an angry hiss.
The orc priest invokes the aid of Beogh against you.
Beogh smites you!
You die...

# ####.#.# #######...
#.#......#####...# #...
.#.#.......†....#.# #...
..........#####...###...
###.....## ##........
#.....# ######.#.
#.#..## #.#. # #..# #.#<
#.@# #.#. #..# #####.#.
#.o....... ........
##o####... ........ #.#
###.###. #.# #.###. #.#
#.##.. #o# #..... #o#
#.....


You could see an orc priest and 2 orcs.

Vanquished Creatures
  4 adders (D:2)
  A gnoll (D:1)
  2 dart slugs
  9 ball pythons
  2 endoplasms
  5 giant cockroaches
  6 goblins
  A jackal (D:3)
  2 kobolds
  2 quokkas
  8 bats
  3 frilled lizards
  2 rats (D:2)
47 creatures vanquished.

Notes
Turn   | Place    | Note
-------+----------+-------------------------------------------
     0 | D:1      | coolguy69 the Vine Stalker Monk began the quest for the
                  | Orb.
     0 | D:1      | Reached XP level 1. HP: 11/11 MP: 2/2
   159 | D:1      | Reached XP level 2. HP: 16/16 MP: 3/3
   301 | D:1      | Found a faded altar of an unknown god.
   322 | D:1      | Reached XP level 3. HP: 5/20 MP: 1/4
  1088 | D:2      | Identified the ring "Hynniewe" {+Blink rPois rF+ rN+}
  1367 | D:2      | Gained mutation: Your natural rate of healing is unusually
                  | fast. [Vine Stalker growth]
  1367 | D:2      | Reached XP level 4. HP: 21/24 MP: 3/5
  1472 | D:2      | Found Weudoj's Antique Weapon Shop.
  1888 | D:3      | Killed from afar by an orc priest

Illustrated notes

Levels and vault maps discovered:
D:1:      elethiomel_arrival_shortcut, layout_loops_ring,
          ebering_ecumenical_altar_petrified
D:2:      layout_basic, serial_shops, nicolae_shop_statue_plus,
          minmay_tromino_i2
D:3:      layout_loops_ring, grunt_ministairs_10, nrook_mini_backslash,
          kennysheep_generic_room_10

Skill      XL: |  1  2  3 |
---------------+----------+-----
Short Blades   | 3 |  3.5
Fighting       | 3 |  3.2
Stealth        | 3 |  3.4
Dodging        | |  2.9
Evocations     | |  0.6

Action                   |  1- 3 |  4- 6 || total
-------------------------+-------+-------++-------
Melee: Short sword       |    71 |    50 ||   121
       Bite              |    17 |    11 ||    28
  Use: Potion            |     1 |       ||     1
 Stab: Sleeping          |     4 |     2 ||     6
       Distracted        |       |     2 ||     2
Armor: Robe              |    16 |     4 ||    20
       Leather armour    |       |    13 ||    13
Dodge: Dodged            |    43 |    49 ||    92

Table legend: (Time is in decaauts)
 A = Elapsed time spent in this place.
 B = Non-inter-level travel time spent in this place.
 C = Inter-level travel time spent in this place.
 D = Time resting spent in this place.
 E = Time spent auto-exploring this place.
 F = Levels seen in this place.
 G = Mean time per level.
                   A        B        C        D        E       F      G
               +--------+--------+--------+--------+--------+-----+--------+
         Total |   1879 |   1817 |     62 |    246 |   1249 |   3 |  626.3 |
       Dungeon |   1879 |   1817 |     62 |    246 |   1249 |   3 |  626.3 |
               +--------+--------+--------+--------+--------+-----+--------+

Top non-repeatable levels by time:
     D:1: 1063 daAuts
     D:2: 554 daAuts
     D:3: 261 daAuts
